 Dungeon Crawl Stone Soup version 0.18-a0-2-g0e512fa (webtiles) character file.

679601 bluenote the Swordmaster (level 27, 0/292 (300) HPs)
             Began as a Minotaur Berserker on Oct 27, 2015.
             Was a High Priest of Trog.
             Slain by a death scarab (9 damage)
             ... on level 2 of the Tomb of the Ancients on Oct 31, 2015.
             The game lasted 16:30:27 (75814 turns).

bluenote the Swordmaster (Minotaur Berserker)      Turns: 75814, Time: 16:30:27

HP:   0/292 (300)   AC: 37    Str: 36      XL:     27
MP:   11/11         EV: 26    Int: -2 (1)  God:    Trog [*****.]
Gold: 6341          SH: 28    Dex: 18 (19) Spells: 0 memorised, 26 levels left

rFire  . . .     SeeInvis +     n - +9 demon blade (antimagic)
rCold  + . .     Clarity  .     E - +7 plate armour of Danyan {rPois Str+7 Int-3}
rNeg   + + .     SustAt   +     A - +0 large shield "Xaupare" {rC+ MP+9 Stlth-}
rPois  +         Gourm    .     w - +2 hat {MR+}
rElec  +         Spirit   .     Q - +2 cloak
rCorr  .         Warding  .     J - +0 pair of gloves "Izur" {rElec SInv}
rMut   .         Stasis   .     h - +0 pair of boots "Bawuikic" {rN+ MR+ Regen+ Dex+3}
MR     +++++                    T - amulet of regeneration
Stlth  ..........               u - ring of positive energy
                                z - ring of sustain attributes

@: regenerating, slowed, lost intelligence, drained, very slow, almost entirely
resistant to hostile enchantments, extremely unstealthy
A: retaliatory headbutt, horns 2, blink, blurry vision 1, low mp 1, robust 1, no
device heal 1
a: Blink, Berserk, Trog's Hand, Brothers in Arms, Burn Spellbooks, Renounce
Religion
}: 4/15 runes: decaying, serpentine, slimy, silver


You were on level 2 of the Tomb of the Ancients.
You worshipped Trog.
Trog was extremely pleased with you.
You were not hungry.

You visited 11 branches of the dungeon, and saw 60 of its levels.
You visited the Abyss 1 time.
You visited 1 bazaar.
You also visited: Ossuary.

You collected 9156 gold pieces.
You spent 2815 gold pieces at shops.

Inventory:

Hand Weapons
 j - a +1 triple crossbow of flaming
 n - a +9 antimagic demon blade (weapon)
 q - a +9 demon blade of electrocution
Missiles
 b - 131 bolts of penetration
Armour
 h - the +0 pair of boots "Bawuikic" (worn) {rN+ MR+ Regen+ Dex+3}
   (You bought it in a shop on level 3 of the Elven Halls)

   It affects your dexterity (+3).
   It protects you from negative energy.
   It affects your resistance to hostile enchantments.
   It increases your rate of regeneration.
 w - a +2 hat of magic resistance (worn)
 A - the +0 large shield "Xaupare" (worn) {rC+ MP+9 Stlth-}
   (You took it off a deep elf annihilator on level 3 of the Elven Halls)

   It protects you from cold.
   It affects your magic capacity (+9).
   It makes you less stealthy.
 E - the +7 plate armour of Danyan (worn) {rPois Str+7 Int-3}
   (You bought it in a shop on level 4 of the Orcish Mines)

   It affects your strength (+7).
   It affects your intelligence (-3).
   It protects you from poison.
 J - the +0 pair of gloves "Izur" (worn) {rElec SInv}
   (You bought it in a shop on level 4 of the Orcish Mines)

   It insulates you from electricity.
   It lets you see invisible.
 O - a +1 pair of gloves of dexterity
 Q - a +2 cloak (worn)
Jewellery
 e - an uncursed amulet of the gourmand
 t - the amulet of Culeirue {Clar MR+}
   (You took it off a deep elf death mage on level 3 of the Elven Halls)

   [amulet of clarity]

   It provides mental clarity.
   It affects your resistance to hostile enchantments.
 u - a ring of positive energy (right hand)
 z - a ring of sustain attributes (left hand)
 C - an uncursed ring of protection from magic
 K - an uncursed ring of fire
 M - an uncursed amulet of resist mutation
 N - an uncursed ring of protection from cold
 P - an uncursed ring of teleportation
 S - an uncursed amulet of stasis
 T - an amulet of regeneration (around neck)
 V - an uncursed ring of flight
 W - a +5 ring of dexterity
 X - an uncursed amulet of resist corrosion
 Y - a +3 ring of slaying
Wands
 g - a wand of disintegration (7)
 o - a wand of teleportation (2)
 s - a wand of heal wounds (4)
 R - a wand of draining (9)
 U - a wand of hasting (3)
Scrolls
 a - 4 scrolls of silence
 i - 2 scrolls of summoning
 l - 14 scrolls of blinking
 p - 17 scrolls of remove curse
 r - 24 scrolls of identify
 y - 11 scrolls of fear
 B - 2 scrolls of holy word
 D - 17 scrolls of teleportation
 H - 9 scrolls of magic mapping
 Z - 6 scrolls of fog
Potions
 d - 2 potions of resistance
 f - 6 potions of haste
 k - 21 potions of curing
 m - 7 potions of heal wounds
 x - 7 potions of agility
 F - 3 potions of cancellation
 I - 10 potions of might
Miscellaneous
 L - a lantern of shadows
Comestibles
 c - 26 bread rations
 v - 27 meat rations
 G - 11 royal jellies


   Skills:
 O Level 27(26.5) Fighting
 O Level 27(26.5) Long Blades
 - Level 5.0(4.7) Crossbows
 - Level 23.2(22.8) Armour
 + Level 24.7(24.2) Dodging
 - Level 25.0(24.5) Shields
 - Level 7.0(6.7) Evocations


You had 26 spell levels left.
You didn't know any spells.

Dungeon Overview and Level Annotations

Branches:
Dungeon (15/15)            Temple (0/1) D:4            Lair (8/8) D:8
  Swamp (4/4) Lair:4        Snake (4/4) Lair:4        Slime (6/6) Lair:8
    Orc (4/4) D:9             Elf (3/3) Orc:3        Vaults (5/5) D:13
  Crypt (3/3) Vaults:3       Tomb (3/3) Crypt:3      Depths (5/5) D:15
    Zot (0/5) Depths:5

Altars:
Ashenzari
Gozag
Kikubaaqudgha
Makhleb
Qazlal
Ru
Sif Muna
Trog
Vehumet
Xom
Yredelemnul
Zin
The Shining One
Beogh
Jiyva

Shops:
D:7 ?[}}:   D:15 *   Orc:4 =*[(   Elf:3 [   Vaults:1 !   Vaults:5 [
Depths:4 *

Portals:
Hell: Depths:1 Depths:2 Depths:3 Depths:4 Depths:5
Abyss: Depths:2 Depths:4
Pandemonium: Depths:3 Depths:4 Depths:5
Ziggurat: Depths:1
Trove: D:13 (give horn of Geryon)

Annotations:
D:7 nice shop wands rods, scrolls
D:14 glowing buckler
D:15 white leather armor
Lair:8 exclusion: upstairs
Swamp:2 exclusion: downstairs
Swamp:4 scroll brand weapon
Orc:2 +3 hat mr ponder
Orc:4 ring shop, white armor shop, white triple cross shop
Vaults:2 large shield +2, +3 great sword of electrocution
Vaults:5 good rcorr rf plate arm, +1 rn pearl arm, dragon hides
Depths:2 exclusion: door


Innate Abilities, Weirdness & Mutations

You reflexively headbutt those who attack you in melee.
You have a pair of horns on your head.
You can translocate small distances at will.
Scrolls take you a little longer to read.
Your magical capacity is low (-10% MP).
You are robust (+10% HP).
Potions and wands are less effective at restoring your health.


Message History

Unknown command.
Unknown command.
Read which item? (? for menu, Esc to quit)
Really read with blurry vision while enemies are nearby?
Okay, then.
Unknown command.
Read which item? (? for menu, Esc to quit)
Really read with blurry vision while enemies are nearby?
You block the death scarab's attack. The death scarab completely misses you.
The ancient lich touches you.
* * * LOW HITPOINT WARNING * * *
You begin reading the scroll.
You continue reading the scroll.
The death scarab twitches its antennae in your direction.
You block the death scarab's attack. x2
The ancient lich casts a spell at you. You resist with almost no effort.
The death scarab completely misses you. You furiously retaliate!
You headbutt the death scarab!
The ancient lich casts a spell.
The death scarab bites you!
You die...

...#...##.............##..#.....#
^..#...##.............##..#.^...#
'###......................#^....#
^..#......................#^....#
...#########'##############'#####
.....#..^#.^.^.#1Z.......^'^....#
....^#..^'....^#MBW..^...^#^....#
.....#...#....^#BLBn.....^#.....#
.....#...#..^..#@BMM......#.....#
#################################


You could see a Hell Sentinel, an ancient lich, a mummy priest, a guardian
mummy, a freezing wraith, 4 death scarabs, a necrophage, a mummy and a black
mamba simulacrum.

Vanquished Creatures
  the royal jelly (Slime:6)
  Mara (Swamp:3)
  2 juggernauts
  Sojobo (Depths:2)
  24 greater mummies
  Frederick (Depths:2)
  Margery (Depths:3)
  Norris (Depths:2)
  Saint Roka (Orc:4)
  2 curse toes (Crypt:3)
  3 caustic shrikes (Depths:4)
  8 golden dragons
  Nikola (Swamp:4)
  Xtahua (Crypt:3)
  8 liches
  A bone dragon (Depths:5)
  Jorgrun (Snake:2)
  4 tentacled monstrosities
  3 titans
  3 quicksilver dragons
  2 deep elf blademasters (Elf:3)
  A deep elf master archer (Elf:3)
  A tentacled starspawn (Abyss:1)
  The ghost of Ohli the Tortoise, an adept DDMo of Okawaru (Lair:7)
  3 thorn hunters
  27 acid blobs
  Gastronok (Orc:2)
  13 sphinxes
  Agnes (Elf:1)
  13 ancient champions
  6 shadow dragons
  6 storm dragons
  9 tengu reavers
  3 revenants
  An azure jelly (shapeshifter) (Depths:2)
  Roxanne (Swamp:3)
  12 azure jellies
  10 fire giants
  11 greater nagas
  22 vault wardens
  Donald (Vaults:2)
  9 deep elf sorcerers
  14 frost giants
  Maud (D:12)
  3 iron dragons (Vaults:4)
  Aizul (Snake:3)
  Louise (Depths:4)
  A caustic shrike zombie (Crypt:3)
  A curse skull (Vaults:3)
  A draconian zealot (Depths:5)
  A spectral juggernaut (Depths:1)
  An orc warlord (Orc:4)
  4 ghouls (Crypt:3)
  2 reapers (Crypt:2)
  2 spriggan defenders (Depths:5)
  11 ironheart preservers
  9 very ugly things
  2 draconian annihilators (Depths:2)
  The ghost of Arkorax the Imperceptible, an adept VSEn of Dithmenos (Swamp:3)
  12 deep elf demonologists
  A war gargoyle (Vaults:3)
  21 stone giants
  2 bennus (Tomb:2)
  5 vampire knights
  21 deep elf annihilators
  2 black draconians (Depths:5)
  A green draconian (Depths:5)
  3 salamander stormcallers
  A mottled draconian (Depths:5)
  A yellow draconian (Depths:5)
  A purple draconian (Depths:5)
  2 white draconians (Depths:5)
  8 deep elf death magi
  3 death oozes
  Snorg (D:10)
  2 jiangshi
  10 ettins
  A crystal guardian (Vaults:4)
  The ghost of Oper80 the Quickloader, a journeyman HuHu of Okawaru (D:11)
  3 eidola
  6 deep elf high priests
  8 fire dragons
  Josephine (Lair:6)
  20 yaktaur captains
  12 great orbs of eyes
  13 mummy priests
  The ghost of mutis the Fighter, a journeyman GrFi of Okawaru (Elf:1)
  37 vault guards
  8 entropy weavers
  6 spriggan air magi
  22 hydras
  5 rakshasas
  16 naga warriors
  2 ghost crabs
  8 ice dragons
  4 centaur warriors
  7 statues (Depths:2)
  13 anacondas
  Erica (D:10)
  2 death knights (Crypt:3)
  3 vampire magi
  13 ogre magi
  14 dancing weapons
  12 alligators
  3 tengu warriors
  7 deep troll shamans
  9 deep troll earth magi
  4 death yaks (Lair:5)
  15 naga sharpshooters
  4 shock serpents
  Urug (D:11)
  4 orc high priests (Orc:4)
  24 deep elf knights
  3 starcursed masses (Abyss:1)
  6 hell knights
  4 spriggan berserkers
  A storm dragon zombie (Tomb:1)
  29 death scarabs
  A salamander mystic (Snake:4)
  4 soul eaters
  A wretched star (Abyss:1)
  3 thrashing horrors (Abyss:1)
  An iron troll (Depths:3)
  6 flayed ghosts
  3 fire crabs
  30 deep trolls
  2 wizards
  2 shadow wraiths
  12 skeletal warriors
  11 naga ritualists
  A golden dragon zombie (Crypt:3)
  An ice devil (Depths:2)
  A death drake (shapeshifter) (Depths:4)
  9 swamp dragons
  8 deep elf summoners
  8 phantasmal warriors
  10 anubis guards (Tomb:1)
  4 unseen horrors
  2 large abominations (Abyss:1)
  4 harpies (Vaults:2)
  19 ironbrand convokers
  4 shambling mangroves
  2 necromancers
  9 hill giants
  39 ugly things
  8 orc knights
  An anaconda skeleton (Tomb:3)
  2 manticores
  A faun (shapeshifter) (Depths:4)
  10 cyclopes
  12 mana vipers
  5 hornets
  24 deep elf conjurers
  10 shining eyes
  4 orc sorcerers
  A wolf spider zombie (D:14)
  2 fire giant zombies
  A mana viper (shapeshifter) (Depths:5)
  A frost giant zombie (Crypt:1)
  6 griffons
  A hornet (shapeshifter) (Vaults:2)
  A worldbinder (Abyss:1)
  3 wolf spiders
  An iron dragon skeleton (Crypt:3)
  A manticore (shapeshifter) (Vaults:5)
  A stone giant zombie (Depths:1)
  2 cyclopes (shapeshifter)
  2 fire giant skeletons
  28 naga magi
  A frost giant skeleton (Depths:1)
  8 guardian serpents
  11 elephants
  4 centaur zombies
  2 salamanders (shapeshifter)
  16 salamanders
  2 eyes of devastation
  12 spiny frogs
  A rust devil (Depths:2)
  3 gargoyles
  A purple draconian zombie (Crypt:1)
  14 vault sentinels
  50 black mambas
  5 spectral swamp worms (Depths:1)
  An emperor scorpion zombie (Tomb:2)
  2 kobold demonologists (Vaults:2)
  A spiny frog (shapeshifter) (Vaults:4)
  9 komodo dragons
  A grey draconian zombie (Crypt:3)
  2 hellions
  65 yaktaurs
  42 guardian mummies
  2 hellwings (Depths:5)
  17 deep elf priests
  6 tengu conjurers
  4 fire drakes
  5 trolls
  20 two-headed ogres
  A queen bee (shapeshifter) (Depths:5)
  A purple draconian skeleton (Crypt:2)
  2 polar bears
  11 freezing wraiths
  2 red devils (Depths:5)
  2 jumping spiders
  A wind drake (shapeshifter) (Vaults:1)
  206 slime creatures
  25 blink frogs
  A fire drake (shapeshifter) (Vaults:2)
  19 ushabtiu
  2 blue devils
  6 giant leeches
  2 ettin zombies
  3 boulder beetles
  A minotaur skeleton (Crypt:1)
  A hydra skeleton (Crypt:1)
  3 spriggan zombies (Depths:1)
  A deep troll zombie (Depths:1)
  9 shadows
  A harpy skeleton (Crypt:3)
  22 flying skulls
  An ice dragon skeleton (Depths:1)
  4 tarantellas
  11 spriggans
  9 redbacks
  A human (shapeshifter) (Vaults:5)
  5 wyverns
  14 wraiths
  A trapdoor spider (shapeshifter) (Vaults:5)
  3 vampires
  4 basilisks
  3 water elementals
  35 deep elf magi
  A tarantella (shapeshifter) (Elf:2)
  2 ynoxinuls
  A hill giant zombie (Crypt:1)
  2 chaos spawn
  A yaktaur simulacrum (Vaults:2)
  A spriggan (shapeshifter) (Depths:1)
  2 hungry ghosts
  Grum (D:11)
  9 golden eyes
  4 wargs
  4 hippogriffs
  2 steam dragons (Lair:8)
  31 yaks
  4 mottled dragons
  2 neqoxecs
  19 swamp worms
  6 wolves
  27 deep elf fighters
  45 vampire mosquitoes
  A tengu zombie (Depths:1)
  60 nagas
  13 insubstantial wisps
  A water moccasin (shapeshifter) (Elf:3)
  3 ice beasts
  42 orc warriors
  11 porcupines
  17 water moccasins
  An ettin simulacrum (Crypt:3)
  17 wasps
  2 necrophages (D:10)
  5 eyes of draining
  18 swamp drakes
  A manticore zombie (Crypt:1)
  An elephant zombie (Crypt:3)
  A spiny frog skeleton (Crypt:1)
  A black bear (D:12)
  3 phantoms
  5 sky beasts
  13 boggarts
  17 centaurs
  15 crocodiles
  44 ogres
  5 big kobolds
  A brain worm (D:14)
  A salamander zombie (Crypt:3)
  Blork the orc (D:5)
  The ghost of Yendor the Covert, an amateur SpAs (D:3)
  A spiny frog simulacrum (Crypt:3)
  4 earth elementals (D:10)
  17 giant frogs
  A wyvern zombie (Crypt:2)
  A water moccasin zombie (Ossuary)
  A yaktaur skeleton (Depths:1)
  4 small abominations
  4 scorpions
  2 wyvern skeletons (D:14)
  A yak zombie (Crypt:2)
  19 killer bees
  A raiju zombie (Crypt:2)
  A water moccasin skeleton (D:8)
  A spriggan skeleton (Crypt:3)
  3 human simulacra
  A raiju skeleton (Crypt:2)
  8 wights
  2 electric eels
  An iron imp (Depths:5)
  3 hounds
  A wasp zombie (Crypt:2)
  4 giant frog zombies
  17 bog bodies
  13 crimson imps
  44 jellies
  3 quasits
  4 centaur skeletons
  15 iguanas
  Ijyb (D:2)
  A giant frog skeleton (D:5)
  9 worker ants
  A basilisk skeleton (Crypt:3)
  20 orc priests
  40 orc wizards
  16 sheep
  A big kobold skeleton (Crypt:3)
  An ogre zombie (Crypt:3)
  A demigod zombie (Crypt:3)
  3 hound zombies (Ossuary)
  64 mummies
  5 worker ant zombies
  9 gnolls
  10 river rats
  5 shadow imps
  7 adders
  2 white imps (Depths:5)
  6 oozes
  A halfling skeleton (Crypt:2)
  2 worms (D:3)
  2 adder skeletons
  An adder zombie (D:8)
  216 orcs
  3 ball pythons (Snake:1)
  9 bats
  8 goblins
  5 hobgoblins
  7 quokkas
  6 giant cockroaches
  8 giant geckos
  A giant gecko skeleton (D:4)
  4 giant newts
  6 jackals
  3 jackal zombies
  26 kobolds
  A quokka skeleton (D:9)
  A quokka zombie (Ossuary)
  6 rats
  A briar patch (Swamp:1)
  A butterfly (Lair:3)
  8 crawling corpses
  3 fire vortices (Depths:2)
  8 plants
  A starspawn tentacle (Abyss:1)
2955 creatures vanquished.

Vanquished Creatures (collateral kills)
  A large abomination (Depths:3)
  A small abomination (Depths:3)
  An orc sorcerer (Orc:4)
  An orc knight (Orc:4)
  A yak (Lair:7)
  A warg (Orc:4)
  4 orc warriors (Orc:4)
  3 orc priests (Orc:4)
  An orc wizard (Orc:4)
  6 orcs (Orc:4)
  3 fungi (Lair:7)
23 creatures vanquished.

Vanquished Creatures (others)
  A deep elf master archer (Elf:3)
  A fire giant (Vaults:1)
  A war gargoyle (Vaults:5)
  2 ettins (Vaults:5)
  An ironbrand convoker (Vaults:5)
  A deep elf conjurer (Vaults:5)
  A necromancer (Depths:3)
  3 vault sentinels (Vaults:5)
  A spiny frog (Swamp:4)
  8 yaktaurs
  2 slime creatures (Swamp:4)
  9 flying skulls (Tomb:1)
  A hippogriff (shapeshifter) (Vaults:5)
  3 deep elf fighters
  2 insubstantial wisps (Swamp:4)
  2 centaurs (Vaults:3)
  A worker ant (shapeshifter) (Vaults:5)
  A naga skeleton (Tomb:1)
  3 mummies (Tomb:2)
  A crawling corpse (Vaults:5)
  19 fungi
  3 lost souls
  14 plants
  2 starspawn tentacles (Abyss:1)
  9 starspawn tentacle segments (Abyss:1)
92 creatures vanquished.

Grand Total: 3070 creatures vanquished

Notes
Turn   | Place    | Note
--------------------------------------------------------------
     0 | D:1      | bluenote the Minotaur Berserker began the quest for the Orb.
     0 | D:1      | Reached XP level 1. HP: 19/19 MP: 0/0
   113 | D:1      | Reached skill level 4 in Long Blades
   501 | D:1      | Reached XP level 2. HP: 23/26 MP: 1/1
  1082 | D:2      | Reached skill level 5 in Long Blades
  1082 | D:2      | Reached XP level 3. HP: 5/31 MP: 2/2
  1139 | D:2      | Found a shimmering altar of Xom.
  1182 | D:2      | Found an ancient bone altar of Kikubaaqudgha.
  1366 | D:2      | Reached ** piety under Trog
  1367 | D:2      | Noticed Ijyb
  1368 | D:2      | Found an opulent altar of Gozag.
  1383 | D:2      | Killed Ijyb
  1565 | D:2      | Reached XP level 4. HP: 39/39 MP: 3/3
  1695 | D:2      | Reached skill level 6 in Long Blades
  1955 | D:3      | Noticed Yendor's ghost (amateur SpAs)
  1964 | D:3      | Killed Yendor's ghost
  1964 | D:3      | Reached skill level 7 in Long Blades
  1964 | D:3      | Reached XP level 5. HP: 32/45 MP: 4/4
  2036 | D:3      | Noticed a centaur
  2041 | D:3      | Killed a centaur
  2045 | D:3      | Reached skill level 8 in Long Blades
  2135 | D:3      | Found a stormy altar of Qazlal.
  2156 | D:3      | Noticed an ogre
  2168 | D:3      | HP: 2/67 [ogre/giant club (17)]
  2169 | D:3      | Killed an ogre
  2169 | D:3      | Reached XP level 6. HP: 2/51 MP: 5/5
  2778 | D:3      | Reached *** piety under Trog
  3270 | D:4      | Reached skill level 9 in Long Blades
  3371 | D:4      | Found a staircase to the Ecumenical Temple.
  3461 | D:4      | Found a sand-covered staircase.
  3489 | Ossuary  | Entered an ossuary
  3532 | Ossuary  | Reached XP level 7. HP: 19/59 MP: 6/6
  3590 | Ossuary  | HP: 4/90 [decayed bog body (4)]
  3685 | Ossuary  | Reached skill level 5 in Fighting
  3685 | Ossuary  | Reached skill level 5 in Armour
  4069 | Ossuary  | HP: 3/62 [mummy (12)]
  4290 | D:4      | Reached XP level 8. HP: 53/70 MP: 7/7
  4478 | D:4      | Found a glowing silver altar of Zin.
  4785 | D:4      | Reached skill level 15 in Armour
  4785 | D:4      | Reached XP level 9. HP: 75/75 MP: 8/8
  4863 | D:5      | Entered Level 5 of the Dungeon
  4879 | D:5      | Noticed Blork the orc
  4893 | D:5      | Killed Blork the orc
  5300 | D:5      | Found a glowing golden altar of the Shining One.
  5624 | D:5      | Found a burning altar of Makhleb.
  5709 | D:5      | Found a deep blue altar of Sif Muna.
  5861 | D:6      | Found a radiant altar of Vehumet.
  5876 | D:6      | Reached skill level 1 in Shields
  6825 | D:7      | Found Laekhlugg's Antique Armour Shoppe.
  7102 | D:7      | Reached skill level 5 in Shields
  7162 | D:7      | Found Vomeazar's Gadget Boutique.
  7171 | D:7      | Found Ixycol's Book Boutique.
  7334 | D:7      | Found Xifoag's Gadget Shoppe.
  7421 | D:7      | Reached XP level 10. HP: 73/84 MP: 9/9
  7491 | D:7      | Found Cazxoegi's Magic Scroll Emporium.
  7503 | D:7      | Reached **** piety under Trog
  7821 | D:8      | Found a shattered altar of Ashenzari.
  8838 | D:8      | Found a staircase to the Lair.
  9590 | D:9      | Found a staircase to the Orcish Mines.
  9702 | D:9      | Reached ***** piety under Trog
  9711 | D:9      | Found a roughly hewn altar of Beogh.
  9745 | D:9      | Reached skill level 10 in Shields
  9931 | D:9      | Found a bloodstained altar of Trog.
 10067 | D:9      | Reached XP level 11. HP: 66/91 MP: 10/10
 10163 | D:9      | Noticed a hill giant
 10189 | D:9      | Killed a hill giant
 10195 | D:9      | Reached skill level 10 in Long Blades
 10607 | D:10     | Entered Level 10 of the Dungeon
 10726 | D:10     | Killed an unseen horror
 10750 | D:10     | Noticed Erica
 10769 | D:10     | Killed Erica
 11076 | D:10     | Reached skill level 16 in Armour
 11320 | D:10     | Noticed a hill giant
 11325 | D:10     | Killed a hill giant
 11355 | D:10     | Noticed Snorg
 11363 | D:10     | Received a gift from Trog
 11402 | D:10     | Killed Snorg
 11776 | D:10     | Noticed a centaur warrior
 11782 | D:10     | Killed a centaur warrior
 11961 | D:11     | Noticed Grum
 11973 | D:11     | Killed Grum
 12251 | D:11     | Noticed Urug
 12280 | D:11     | Killed Urug
 12280 | D:11     | Reached XP level 12. HP: 23/97 MP: 11/11
 12289 | D:11     | Killed an unseen horror
 12718 | D:11     | Gained mutation: You are robust (+10% HP). [potion of beneficial mutation]
 12722 | D:11     | Gained mutation: You have sharp toenails. [potion of beneficial mutation]
 12860 | D:11     | Identified a scroll of acquirement
 12981 | D:11     | Noticed Oper80's ghost (journeyman HuHu)
 12997 | D:11     | Killed Oper80's ghost
 13251 | D:12     | Found an ancient bone altar of Kikubaaqudgha.
 13430 | D:12     | Noticed Maud
 13447 | D:12     | Killed Maud
 13447 | D:12     | Reached skill level 15 in Shields
 13681 | D:12     | Found a sacrificial altar of Ru.
 14442 | D:13     | Found a gate to the Vaults.
 14442 | D:13     | Noticed a vault guard
 14442 | D:13     | Noticed a vault guard
 14442 | D:13     | Noticed a vault guard
 14442 | D:13     | Noticed a vault guard
 14442 | D:13     | Noticed a vault guard
 14443 | D:13     | Noticed a vault guard
 14443 | D:13     | Noticed a vault guard
 14452 | D:13     | Killed a vault guard
 14460 | D:13     | Killed a vault guard
 14460 | D:13     | Reached XP level 13. HP: 98/113 MP: 12/12
 14473 | D:13     | Killed a vault guard
 14482 | D:13     | Killed a vault guard
 14482 | D:13     | Reached skill level 17 in Armour
 14484 | D:13     | Noticed a vault guard
 14493 | D:13     | Killed a vault guard
 14505 | D:13     | Killed a vault guard
 14521 | D:13     | Killed a vault guard
 14557 | D:13     | Killed a vault guard
 14624 | D:13     | Noticed a vault guard
 14645 | D:13     | Killed a vault guard
 14658 | D:13     | Found a portal to a secret trove of treasure.
 15153 | D:13     | Reached skill level 15 in Long Blades
 16141 | D:14     | Found a shimmering altar of Xom.
 16596 | D:15     | Entered Level 15 of the Dungeon
 16610 | D:15     | Received a gift from Trog
 16842 | D:15     | Found Ocwupt's Assorted Antiques.
 17021 | D:15     | Reached skill level 5 in Dodging
 17134 | D:15     | Lost mutation: You are robust (+10% HP). [potion of cure mutation]
 17134 | D:15     | Lost mutation: You have sharp toenails. [potion of cure mutation]
 17167 | D:15     | Found a staircase to the Depths.
 17227 | D:15     | Reached XP level 14. HP: 61/111 MP: 13/13
 17709 | Orc:1    | Entered Level 1 of the Orcish Mines
 18039 | Orc:1    | Found a roughly hewn altar of Beogh.
 18236 | Orc:2    | Reached skill level 1 in Crossbows
 18566 | Orc:2    | Noticed Gastronok
 18615 | Orc:2    | Killed Gastronok
 18843 | Orc:3    | Received a gift from Trog
 18901 | Orc:3    | Found a roughly hewn altar of Beogh.
 19022 | Orc:3    | Reached ****** piety under Trog
 19259 | Orc:3    | Found a staircase to the Elven Halls.
 19583 | Orc:4    | Entered Level 4 of the Orcish Mines
 19618 | Orc:4    | Received a gift from Trog
 19730 | Orc:4    | Reached skill level 5 in Crossbows
 19767 | Orc:4    | Received a gift from Trog
 19976 | Orc:4    | Noticed Saint Roka
 20038 | Orc:4    | Killed Saint Roka
 20082 | Orc:4    | Noticed an orc warlord
 20103 | Orc:4    | Killed an orc warlord
 20203 | Orc:4    | Received a gift from Trog
 20587 | Orc:4    | Received a gift from Trog
 20621 | Orc:4    | Paralysed by an orc sorcerer for 7 turns
 20692 | Orc:4    | Found Orhug's Antique Armour Boutique.
 20693 | Orc:4    | Found Peant's Antique Weapon Shop.
 20695 | Orc:4    | Found Deriq's General Store.
 20695 | Orc:4    | Found Muerchab's Jewellery Boutique.
 20915 | Orc:4    | Received a gift from Trog
 21026 | Orc:4    | Found a roughly hewn altar of Beogh.
 21172 | Orc:4    | Bought a bloodstained plate armour for 644 gold pieces
 21172 | Orc:4    | Bought a pair of warped gloves for 218 gold pieces
 21179 | Orc:4    | Identified the +7 plate armour of Danyan {rPois Str+7 Int-3} (You bought it in a shop on level 4 of the Orcish Mines)
 21194 | Orc:4    | Identified the +0 pair of gloves "Izur" {rElec SInv} (You bought it in a shop on level 4 of the Orcish Mines)
 21265 | Orc:4    | Bought a crystal triple crossbow for 465 gold pieces
 21277 | Orc:4    | Identified the +3 triple crossbow "Raceel Coly" {venom, Int+2} (You bought it in a shop on level 4 of the Orcish Mines)
 21560 | Lair:1   | Entered Level 1 of the Lair of Beasts
 21728 | Lair:1   | Received a gift from Trog
 23959 | Lair:4   | Found a staircase to the Swamp.
 24020 | Lair:4   | Reached skill level 18 in Armour
 24111 | Lair:4   | Reached XP level 15. HP: 110/124 MP: 14/14
 24295 | Lair:4   | Found a staircase to the Snake Pit.
 24463 | Lair:4   | Received a gift from Trog
 24469 | Lair:4   | Got an ancient longbow {god gift}
 24475 | Lair:4   | Lost intelligence.
 24475 | Lair:4   | Identified the +10 longbow of Midsummer {freeze, rPois Int-3 Dex+2} (Trog gifted it to you on level 4 of the Lair of Beasts)
 25945 | Lair:6   | Noticed Josephine
 25963 | Lair:6   | Killed Josephine
 25966 | Lair:6   | Reached skill level 19 in Armour
 26259 | Lair:6   | Gained mutation: You can translocate small distances at will. [potion of beneficial mutation]
 26656 | Lair:7   | Received a gift from Trog
 26914 | Lair:7   | Noticed Ohli's ghost (adept DDMo)
 27188 | Lair:8   | Entered Level 8 of the Lair of Beasts
 27272 | Lair:8   | Received a gift from Trog
 27310 | Lair:8   | Reached skill level 20 in Armour
 27378 | Lair:8   | Found a staircase to the Slime Pits.
 28036 | Lair:8   | Received a gift from Trog
 28718 | Lair:7   | Killed Ohli's ghost
 28718 | Lair:7   | Reached skill level 10 in Dodging
 29238 | Snake:1  | Entered Level 1 of the Snake Pit
 29847 | Snake:1  | Reached XP level 16. HP: 132/132 MP: 15/15
 30232 | Snake:1  | You fall through a shaft!
 30232 | Snake:2  | Noticed Jorgrun
 30242 | Snake:2  | Killed Jorgrun
 30242 | Snake:2  | Reached skill level 10 in Fighting
 31566 | Snake:2  | Received a gift from Trog
 33011 | Snake:3  | Received a gift from Trog
 33058 | Snake:3  | Noticed Aizul
 33078 | Snake:3  | Killed Aizul
 33185 | Snake:4  | Entered Level 4 of the Snake Pit
 33194 | Snake:4  | Reached XP level 17. HP: 148/148 MP: 16/16
 33659 | Snake:4  | Received a gift from Trog
 33751 | Snake:4  | Got a translucent great sword {god gift}
 33753 | Snake:4  | Identified the +2 great sword of the Crypt {slice, Int+4} (Trog gifted it to you on level 4 of the Snake Pit)
 34257 | Snake:4  | Received a gift from Trog
 34750 | Snake:4  | Received a gift from Trog
 34903 | Snake:4  | Reached skill level 21 in Armour
 35186 | Snake:4  | Got a serpentine rune of Zot
 35212 | Snake:4  | Upgraded the game from 0.17-a0-2211-gbb7320e to 0.17-a0-2217-ga280b8d
 35405 | Swamp:1  | Entered Level 1 of the Swamp
 35764 | Swamp:1  | Reached XP level 18. HP: 162/162 MP: 17/17
 35891 | Swamp:1  | Received a gift from Trog
 36099 | Swamp:1  | Reached skill level 15 in Fighting
 37304 | Swamp:3  | Noticed Mara
 37321 | Swamp:3  | Noticed bluenote's illusion
 37425 | Swamp:3  | Killed bluenote's illusion
 37766 | Swamp:3  | Noticed bluenote's illusion
 37793 | Swamp:3  | Killed Mara
 37793 | Swamp:3  | Received a gift from Trog
 37962 | Swamp:3  | Noticed Arkorax's ghost (adept VSEn)
 37985 | Swamp:3  | Killed Arkorax's ghost
 38010 | Swamp:3  | Reached skill level 22 in Armour
 38064 | Swamp:3  | Noticed Roxanne
 38088 | Swamp:3  | Killed Roxanne
 38105 | Swamp:3  | Identified Roxanne's Incunabulum of Stones (You took it off Roxanne on level 3 of the Swamp)
 38420 | Swamp:4  | Entered Level 4 of the Swamp
 38631 | Swamp:4  | Noticed Nikola
 38649 | Swamp:4  | Killed Nikola
 38766 | Swamp:4  | Received a gift from Trog
 38927 | Swamp:4  | Received a gift from Trog
 39436 | Swamp:4  | Got a decaying rune of Zot
 39945 | Vaults:1 | Entered Level 1 of the Vaults
 39950 | Vaults:1 | Received a gift from Trog
 39978 | Vaults:1 | Reached XP level 19. HP: 157/170 MP: 18/18
 40935 | Vaults:1 | Found Xaufuga's Distillery.
 41549 | Vaults:2 | Received a gift from Trog
 41665 | Vaults:2 | Received a gift from Trog
 41797 | Vaults:2 | Noticed Donald
 42537 | Vaults:2 | Received a gift from Trog
 42580 | Vaults:2 | Killed Donald
 42724 | Vaults:2 | Received a gift from Trog
 43395 | Vaults:3 | HP: 3/170 [jiangshi[a curse skull] (11)]
 43920 | Vaults:3 | Reached XP level 20. HP: 141/178 MP: 19/19
 43979 | Vaults:3 | Received a gift from Trog
 44337 | Vaults:3 | Found a staircase to the Crypt.
 44488 | Vaults:3 | Received a gift from Trog
 45277 | Vaults:4 | Reached skill level 23 in Long Blades
 45402 | Vaults:4 | Received a gift from Trog
 46424 | Vaults:5 | Entered Level 5 of the Vaults
 46430 | Vaults:5 | Upgraded the game from 0.17-a0-2217-ga280b8d to 0.17-a0-2231-gd80ca38
 46567 | Vaults:2 | Received a gift from Trog
 46819 | Elf:1    | Entered Level 1 of the Elven Halls
 46875 | Elf:1    | Noticed mutis's ghost (journeyman GrFi)
 46897 | Elf:1    | Killed mutis's ghost
 47195 | Elf:1    | Cast into the Abyss (deep elf knight)
 47395 | Abyss:1  | Reached skill level 15 in Dodging
 47520 | Abyss:1  | Paralysed by accursed screaming for 1 turns
 47538 | Elf:1    | Escaped the Abyss
 47941 | Elf:1    | Noticed Agnes
 47947 | Elf:1    | Killed Agnes
 48004 | Elf:1    | Reached XP level 21. HP: 143/189 MP: 6/20
 48441 | Elf:2    | Found a gateway to a bazaar.
 48530 | Elf:2    | Received a gift from Trog
 48773 | Elf:2    | Found a huge runed gate.
 48774 | Elf:2    | Found a huge runed gate.
 48775 | Elf:2    | Found a huge runed gate.
 48776 | Elf:2    | Found a huge runed gate.
 48776 | Elf:2    | Found a huge runed gate.
 49915 | Elf:3    | Entered Level 3 of the Elven Halls
 50131 | Elf:3    | Received a gift from Trog
 50304 | Elf:3    | Got a shimmering bone ring
 50305 | Elf:3    | Identified the ring "Kiwneshro" {rElec Int+5} (You took it off a deep elf annihilator on level 3 of the Elven Halls)
 50312 | Elf:3    | Got an ancient brass amulet
 50313 | Elf:3    | Identified the amulet of Culeirue {Clar MR+} (You took it off a deep elf death mage on level 3 of the Elven Halls)
 50326 | Elf:3    | Got a slimy great sword {drain}
 50327 | Elf:3    | Identified the +4 great sword of Dominance {drain, Int+2} (You took it off a deep elf annihilator on level 3 of the Elven Halls)
 50350 | Elf:3    | Got an ancient wooden ring
 50351 | Elf:3    | Identified the ring "Umutoorph" {rElec MR- Str+2 Stlth-} (You took it off a deep elf conjurer on level 3 of the Elven Halls)
 50448 | Elf:3    | Got a bloodstained halberd {vamp}
 50449 | Elf:3    | Identified the +9 halberd "Beetlebane" {vamp, +Inv rC+ MP+9} (You took it off a deep elf demonologist on level 3 of the Elven Halls)
 50502 | Elf:3    | Got a scintillating lead ring
 50503 | Elf:3    | Identified the ring of Dutsiazo {rElec rC+ Dex+3 Slay-4 Stlth+} (You took it off a deep elf demonologist on level 3 of the Elven Halls)
 50720 | Elf:3    | Got a jewelled large shield
 50728 | Elf:3    | Identified the +0 large shield "Xaupare" {rC+ MP+9 Stlth-} (You took it off a deep elf annihilator on level 3 of the Elven Halls)
 50969 | Elf:3    | Received a gift from Trog
 51448 | Elf:3    | Found Vusif's Antique Armour Shop.
 51464 | Elf:3    | Bought a pair of heavily runed boots for 294 gold pieces
 51469 | Elf:3    | Identified the +0 pair of boots "Bawuikic" {rN+ MR+ Regen+ Dex+3} (You bought it in a shop on level 3 of the Elven Halls)
 51636 | Elf:3    | Received a gift from Trog
 51821 | Bazaar   | Entered a bazaar
 51821 | Bazaar   | Found Keunynlo's Magic Scroll Boutique.
 51821 | Bazaar   | Found Hetsomede's Assorted Antiques.
 51821 | Bazaar   | Found Iplicrysh's Armour Shop.
 51821 | Bazaar   | Found Enaadose's Gadget Shoppe.
 51823 | Bazaar   | Found Ecrymaph's Armour Shop.
 51823 | Bazaar   | Found Xuuze's General Store.
 51862 | Bazaar   | Bought a scroll of enchant weapon for 120 gold pieces
 51869 | Bazaar   | Bought a steel ring for 85 gold pieces
 51877 | Bazaar   | Bought a scroll of magic mapping for 49 gold pieces
 52206 | Crypt:1  | Entered Level 1 of the Crypt
 52228 | Crypt:1  | Reached skill level 1 in Evocations
 52340 | Crypt:1  | You fall through a shaft!
 52686 | Crypt:2  | Reached XP level 22. HP: 185/196 MP: 23/23
 53145 | Crypt:3  | Entered Level 3 of the Crypt
 53195 | Crypt:3  | Reached skill level 5 in Evocations
 53585 | Crypt:3  | Noticed Xtahua
 53607 | Crypt:3  | Killed Xtahua
 53668 | Crypt:3  | Received a gift from Trog
 53845 | Crypt:3  | Found a basalt altar of Yredelemnul.
 53849 | Crypt:3  | Found an ancient bone altar of Kikubaaqudgha.
 53995 | Crypt:3  | Reached skill level 24 in Long Blades
 54160 | Crypt:3  | Found a staircase to the Tomb.
 54459 | Tomb:1   | Entered Level 1 of the Tomb of the Ancients
 55090 | Tomb:1   | Reached skill level 25 in Long Blades
 55178 | Tomb:1   | Noticed a greater mummy
 55220 | Tomb:1   | Killed a greater mummy
 55443 | Tomb:1   | Noticed a greater mummy
 55455 | Tomb:1   | Killed a greater mummy
 55966 | Vaults:5 | Reached XP level 23. HP: 201/204 MP: 27/27
 56003 | Vaults:5 | Noticed a golden dragon
 56272 | Vaults:4 | Received a gift from Trog
 56507 | Vaults:5 | Killed a golden dragon
 56677 | Vaults:5 | Found Cisarch's Armour Shoppe.
 56971 | Vaults:5 | Received a gift from Trog
 57362 | Vaults:5 | Reached skill level 26 in Long Blades
 57513 | Vaults:5 | Noticed a golden dragon
 57523 | Vaults:5 | Noticed a golden dragon
 57526 | Vaults:5 | Killed a golden dragon
 57535 | Vaults:5 | Killed a golden dragon
 57555 | Vaults:5 | Got a silver rune of Zot
 58057 | Vaults:5 | Got a jewelled plate armour
 58063 | Vaults:5 | Identified the +0 plate armour of Fuabanlo {rC++ MR++} (You found it on level 5 of the Vaults)
 58085 | Vaults:5 | Upgraded the game from 0.17-a0-2231-gd80ca38 to 0.18-a0
 58182 | Vaults:5 | Got a twisted plate armour
 58188 | Vaults:5 | Identified the +7 plate armour of the Evening Star {rF+ rCorr} (You found it on level 5 of the Vaults)
 58232 | Vaults:5 | Got a dazzling ice dragon armour
 58238 | Vaults:5 | Identified the +1 ice dragon armour of the Devil {rF- rC++ Int+2} (You took it off a yaktaur captain on level 5 of the Vaults)
 58600 | Depths:1 | Entered Level 1 of the Depths
 58895 | Depths:1 | Found a gateway to Hell.
 58948 | Depths:1 | Reached XP level 24. HP: 216/216 MP: 27/27
 59037 | Depths:1 | Received a gift from Trog
 59044 | Depths:1 | Found a gateway to a ziggurat.
 59425 | Depths:2 | Noticed Sojobo
 59574 | Depths:2 | Noticed Norris
 59586 | Depths:2 | Killed Norris
 59630 | Depths:2 | Received a gift from Trog
 60022 | Depths:2 | Found a one-way gate to the infinite horrors of the Abyss.
 60424 | Depths:2 | Killed Sojobo
 60482 | Depths:2 | Received a gift from Trog
 60906 | Depths:3 | Noticed Margery
 60916 | Depths:3 | Killed Margery
 61065 | Depths:2 | Found a runed door.
 61250 | Depths:2 | Received a gift from Trog
 61272 | Depths:2 | Found a radiant altar of Vehumet.
 61272 | Depths:2 | Noticed Frederick
 61296 | Depths:2 | Killed Frederick
 61329 | Depths:2 | Found a runed door.
 62141 | Depths:3 | Received a gift from Trog
 62144 | Depths:3 | Reached XP level 25. HP: 104/233 MP: 12/27
 62593 | Depths:3 | Found a one-way gate leading to the halls of Pandemonium.
 62637 | Depths:3 | Found a sacrificial altar of Ru.
 62715 | Depths:3 | Received a gift from Trog
 63032 | Depths:4 | Found Qone's General Store.
 63038 | Depths:4 | Bought a scroll of silence for 142 gold pieces
 63302 | D:15     | Bought a scroll of silence for 285 gold pieces
 63302 | D:15     | Bought a scroll of silence for 285 gold pieces
 63302 | D:15     | Bought a scroll of identify for 76 gold pieces
 63302 | D:15     | Bought a potion of agility for 152 gold pieces
 63603 | Depths:4 | Received a gift from Trog
 63607 | Depths:4 | Noticed Louise
 63620 | Depths:4 | Killed Louise
 63736 | Depths:4 | Noticed a juggernaut
 63757 | Depths:4 | Killed a juggernaut
 63774 | Depths:4 | Received a gift from Trog
 63834 | Depths:4 | Received a gift from Trog
 64045 | Depths:4 | Received a gift from Trog
 64047 | Depths:4 | Got a fine long sword {god gift}
 64048 | Depths:4 | Identified the +7 long sword of Killer Bee's Bane {slice, -Tele rElec rC++ rN+} (Trog gifted it to you on level 4 of the Depths)
 64655 | Depths:5 | Entered Level 5 of the Depths
 64658 | Depths:5 | Noticed a juggernaut
 64671 | Depths:5 | Killed a juggernaut
 64715 | Depths:5 | Reached XP level 26. HP: 256/256 MP: 27/27
 64789 | Depths:5 | Received a gift from Trog
 64824 | Depths:5 | Found a gate to the Realm of Zot.
 65979 | Slime:1  | Entered Level 1 of the Pits of Slime
 66030 | Slime:1  | Received a gift from Trog
 66398 | Slime:2  | Reached skill level 27 in Long Blades
 67554 | Slime:3  | Received a gift from Trog
 68327 | Slime:6  | Entered Level 6 of the Pits of Slime
 68387 | Slime:6  | Gained mutation: You are robust (+10% HP). [a shining eye]
 68439 | Slime:6  | Received a gift from Trog
 68507 | Slime:6  | Found a viscous altar of Jiyva.
 68508 | Slime:6  | Noticed the royal jelly
 68534 | Slime:6  | Killed the royal jelly
 68578 | Slime:6  | Gained mutation: Scrolls take you a little longer to read. [a shining eye]
 68580 | Slime:6  | Gained mutation: Potions and wands are less effective at restoring your health. [a shining eye]
 68944 | Slime:6  | Got a slimy rune of Zot
 69115 | Slime:6  | Reached XP level 27. HP: 260/290 MP: 27/27
 69254 | Slime:6  | Gained mutation: Your magical capacity is low (-10% MP). [a shining eye]
 69577 | Slime:6  | Received a gift from Trog
 70499 | Tomb:1   | Upgraded the game from 0.18-a0 to 0.18-a0-2-g0e512fa
 71888 | Tomb:1   | Noticed a greater mummy
 71889 | Tomb:1   | Noticed a greater mummy
 71889 | Tomb:1   | Noticed a greater mummy
 71890 | Tomb:1   | Noticed a greater mummy
 71890 | Tomb:1   | Noticed a greater mummy
 71890 | Tomb:1   | Noticed a greater mummy
 71911 | Tomb:2   | Killed a greater mummy
 72133 | Tomb:2   | Killed a greater mummy
 72374 | Tomb:1   | Killed a greater mummy
 72389 | Tomb:2   | Killed a greater mummy
 72552 | Tomb:1   | Killed a greater mummy
 72566 | Tomb:1   | Killed a greater mummy
 72566 | Tomb:1   | Lost intelligence.
 72662 | Tomb:1   | Noticed a greater mummy
 72679 | Tomb:1   | Noticed a greater mummy
 72699 | Tomb:1   | Killed a greater mummy
 72703 | Tomb:1   | Killed a greater mummy
 72703 | Tomb:1   | Reached skill level 27 in Fighting
 72876 | Tomb:1   | Noticed a greater mummy
 72882 | Tomb:1   | Noticed a greater mummy
 72893 | Tomb:1   | Noticed a greater mummy
 72969 | Tomb:1   | Killed a greater mummy
 72975 | Tomb:1   | Killed a greater mummy
 72982 | Tomb:1   | Killed a greater mummy
 73020 | Tomb:1   | Noticed a greater mummy
 73046 | Tomb:1   | Killed a greater mummy
 73208 | Tomb:1   | Noticed a greater mummy
 73249 | Tomb:1   | Killed a greater mummy
 73306 | Tomb:1   | Noticed a greater mummy
 73348 | Tomb:1   | Killed a greater mummy
 73360 | Tomb:1   | Noticed a greater mummy
 73388 | Tomb:1   | Killed a greater mummy
 73509 | Tomb:1   | Noticed a greater mummy
 73549 | Tomb:1   | Killed a greater mummy
 73549 | Tomb:1   | Lost intelligence.
 73720 | Tomb:1   | Noticed a greater mummy
 74963 | Tomb:1   | Noticed a greater mummy
 74984 | Tomb:1   | Killed a greater mummy
 74998 | Tomb:1   | Killed a greater mummy
 75492 | Tomb:3   | Entered Level 3 of the Tomb of the Ancients
 75510 | Tomb:3   | Noticed an ancient lich
 75812 | Tomb:2   | HP: 5/292 [ancient lich/iron shot (95)]
 75814 | Tomb:2   | Slain by a death scarab

Vault maps used:
D:1:      minmay_arrival_nine_rooms, serial_forest, infiniplex_forest_lined_3,
          infiniplex_forest_clump_diagonal, infiniplex_forest_clump_medium,
          infiniplex_forest_clump_diagonal, infiniplex_forest_zigzag_1,
          infiniplex_forest_clump_diagonal, infiniplex_forest_clump_tiny,
          minivault_26, st_stairs_13
D:2:      kiku_gazebo_garden_becter, nicolae_overflow_crystal_walls,
          xom_teletrap_fun, first_bread, uniq_iyjb
D:3:      wad_woods_stonehenge
D:4:      zin_statuary, minmay_temple_entry_overgrown,
          nicolae_ossuary_entry_plus, grunt_decor_one_mirror
D:5:      nicolae_tso_swordbearing_angel, makhleb_grotto_becter,
          lemuel_blue_sif_altar, uniq_blork_the_orc
D:6:      vehumet_crystals
D:7:      serial_shops, shop, nicolae_shop_trees, nicolae_shop_trees,
          kennysheep_little_box, shop
D:8:      ashenzari_altar_1, erik_lair_dragon
D:9:      lemuel_round_altar, minmay_orc_entry_temple_small
D:10:     minmay_stone_box, hangedman_little_slice_of_home, uniq_snorg,
          uniq_erica
D:11:     lab_entry_generic, uniq_urug, uniq_grum
D:12:     basic_altar, nicolae_ru_awakened_eye, uniq_maud
D:13:     erik_vaults_2, enter_trove_5
D:14:     kennysheep_flooded_box
D:15:     grunt_enter_depths_hoard, hangedman_decor_riveting, serial_shops,
          nicolae_shop_behind_doors, grunt_ministairs_7
Lair:1:   nicolae_lair_grove_arrangements, st_stairs_8
Lair:2:   serial_bayou_ford_a
Lair:3:   nicolae_quartered_pool_medium, grunt_megastairs_4,
          infiniplex_staircase_pool, lemuel_fruit_fields
Lair:4:   swamp_mist_pool, guppyfry_snake_entry_garden, serial_forest,
          infiniplex_forest_end_1, infiniplex_forest_lined_corner,
          infiniplex_forest_zigzag_2, infiniplex_forest_clump_cross,
          infiniplex_forest_diagonal, infiniplex_forest_lined_room_,
          infiniplex_forest_straight_4, infiniplex_forest_clump_curved,
          roderic_lost_polar_bear
Lair:5:   lemuel_fruit_fields, grunt_megastairs_3, lemuel_fruit_tree
Lair:6:   uniq_josephine
Lair:7:   serial_bayou_shore_b
Lair:8:   guppyfry_lair_end_dragon, minmay_slime_entry_pillars,
          hangedman_lair_generics_rect, lemuel_fruit_fields
Swamp:1:  hangedman_swamp_cone
Swamp:2:  serial_swamp_ruin, evilmike_swamp_ruin_house_4,
          evilmike_swamp_ruin_rubble_1
Swamp:3:  hangedman_swamp_lotus, uniq_mara, uniq_roxanne
Swamp:4:  swamp_basic_johnstein, uniq_nikola
Snake:1:  grunt_ministairs_9, hangedman_snake_corridor_cut
Snake:2:  uniq_jorgrun
Snake:3:  uniq_aizul
Snake:4:  snake_pit, grunt_ministairs_6, guppyfry_library_mini
Orc:1:    basic_altar
Orc:2:    uniq_gastronok
Orc:3:    basic_altar, nicolae_orc_pool_cavern
Orc:4:    st_orc_congregation, minmay_orc_temple_b, uniq_saint_roka
Elf:1:    minmay_elf_arrival_plus, hangedman_elf_represent, uniq_agnes
Elf:2:    serial_shops, bzr_entry_dummy, st_stairs_5
Elf:3:    grunt_elf_hall_asides, serial_shops, nicolae_shop_crystal
Vaults:1: hangedman_vaults_variations, v_misc_28, hangedman_vaults_unwind,
          dpeg_vaults_monster_row, v_misc_31, ontoclasm_vaults_misaligned,
          hangedman_vaults_slice, hangedman_vaults_corner_blocks,
          vaults_room_large_hall, ontoclasm_vaults_fault, vaults_dpeg_diagonal,
          v_misc_14, serial_shops, shop
Vaults:2: nicolae_vaults_big_ls, v_misc_10, ontoclasm_vaults_hangar,
          hangedman_vaults_trim, hangedman_vaults_impose,
          nicolae_vaults_what_the_h, nicolae_vaults_diagonal_hallway_7,
          vaults_room_hallway, grunt_vaults_hallway_long, vaults_dpeg_ring,
          uniq_donald
Vaults:3: nicolae_vaults_hallways_thing, v_alt_pattern_6,
          nicolae_vaults_c_with_doors, hangedman_vaults_stretched_pinwheel,
          nicolae_vaults_big_angled_halls, minmay_crypt_entry_simple_plaza,
          nicolae_vaults_shelves_hall, v_misc_26,
          nicolae_vaults_yaktaur_gun_rack, v_misc_14, nicolae_vaults_alarming,
          grunt_vaults_twisty, ontoclasm_vaults_shuriken, v_misc_23
Vaults:4: nicolae_vaults_little_ls, nicolae_vaults_ninety_degrees,
          vaults_room_stairs_pillars, hangedman_vaults_impose, v_alt_pattern_4,
          nicolae_vaults_little_squares_5, v_misc_29, grunt_vaults_focal,
          vaults_room_fours
Vaults:5: serial_shops
Crypt:3:  lightli_unholy_cathedral, tomb_entry_forgotten_bobbens, uniq_xtahua
Depths:1: enter_ziggurat_b, special_room, pf_hell_entry_tar_river,
          abandoned_shop, spider_trap, kennysheep_two_boxes
Depths:2: evilmike_halls_of_destruction, grunt_hell_entry_dis_mu,
          wad_floor_pattern_untrapped, abyss_entry_crystal, minmay_evil_grid,
          infiniplex_staircase_hallway_doors, firewood_loft, uniq_sojobo,
          uniq_norris
Depths:3: grunt_crosshair, pan_entry, grunt_metal_band, lemuel_crystal_altar,
          kennysheep_windowed_goal
Depths:4: hangedman_arch_fort, nicolae_abyss_entry_one_way_or_another,
          rand_demon_pan_entry_7, serial_shops, shop_fountains, hell_entry,
          infiniplex_staircase_pool_2, serial_bayou_shore_b,
          serial_bayou_shore_b
Depths:5: grunt_twist_and_shout, hell_entry, grunt_pan_entry_spiral
Abyss:1:  hangedman_cross_veins
Bazaar:   bazaar_minmay_generic_island
Ossuary:  ossuary_zaba_flooded

Action                   |  1- 3 |  4- 6 |  7- 9 | 10-12 | 13-15 | 16-18 | 19-21 | 22-24 | 25-27 || total
-------------------------+-------+-------+-------+-------+-------+-------+-------+-------+-------++-------
Melee: Falchion          |    75 |   113 |   122 |       |       |       |       |       |       ||   310
       Short sword       |       |    73 |   278 |       |       |       |       |       |       ||   351
       Long sword        |       |       |    40 |   510 |       |       |       |       |       ||   550
       Unarmed           |       |       |       |    42 |       |       |       |       |       ||    42
       Scimitar          |       |       |       |   440 |   375 |    27 |    57 |   180 |       ||  1079
       Demon blade       |       |       |       |       |  1351 |  1581 |  1862 |  1562 |  1986 ||  8342
 Fire: Hand crossbow     |       |       |       |       |       |       |     2 |       |       ||     2
Throw: Stone             |       |     1 |     2 |       |       |       |       |       |       ||     3
Invok: Berserk           |       |     5 |     4 |     2 |     3 |     1 |     1 |     1 |     1 ||    18
       Trog's Hand       |       |       |     4 |     8 |     8 |     8 |     5 |     5 |     8 ||    46
       Burn Spellbooks   |       |       |       |     4 |     6 |     4 |     4 |     7 |     5 ||    30
       Brothers in Arms  |       |       |       |     1 |     2 |     1 |       |     1 |     4 ||     9
 Abil: Evoke Teleportati |       |       |       |       |       |       |       |       |     1 ||     1
       Blink             |       |       |       |       |       |       |       |       |     9 ||     9
Evoke: Wand              |       |       |       |       |       |     2 |       |     1 |     4 ||     7
  Use: Potion            |     1 |       |     3 |    12 |     7 |     2 |     2 |     3 |     6 ||    36
       Scroll            |       |       |     4 |    14 |    10 |    15 |    23 |     7 |     4 ||    77
 Stab: Distracted        |       |       |       |       |     1 |       |       |     1 |       ||     2
       Invisible         |       |       |       |       |     3 |       |       |       |       ||     3
  Eat: Chunk             |     2 |    11 |    13 |    28 |    68 |    32 |   117 |    98 |    39 ||   408
       Fruit             |       |       |     6 |     2 |     1 |       |       |       |       ||     9
       Beef jerky        |       |       |       |       |       |     1 |     1 |     2 |     2 ||     6
       Pizza             |       |       |       |       |       |       |       |     1 |       ||     1
       Royal jelly       |       |       |       |       |       |       |       |       |     4 ||     4
       Bread ration      |       |       |       |       |       |       |       |       |     5 ||     5
